 Dungeon Crawl Stone Soup version 0.25.1-2-g60ff931df9 (webtiles) character file.

Game seed: 2176347307890460108

124341 pokeman the Eclecticist (level 16, -12/92 HPs)
             Began as a Deep Elf Wizard on Nov 1, 2020.
             Was a High Priest of Vehumet.
             Killed from afar by Nikola (40 damage)
             ... with a chain lightning
             ... on level 3 of the Swamp.
             The game lasted 02:08:52 (37628 turns).

pokeman the Eclecticist (Deep Elf Wizard)          Turns: 37628, Time: 02:08:52

Health: -12/92     AC: 14    Str:  4    XL:     16   Next: 39%
Magic:  42/42      EV: 11    Int: 37    God:    Vehumet [*****.]
Gold:   5234       SH:  5    Dex: 13    Spells: 27/56 levels left

rFire    + . .     SeeInvis .   W - +8 flail "Niuzxok" {venom, MR++}
rCold    x . .     Gourm    .   M - +0 buckler
rNeg     . . .     Faith    .   K - +0 acid dragon scales
rPois    .         Spirit   .   y - +2 hat
rElec    .         Reflect  .   E - +0 cloak (curse)
rCorr    +         Harm     .   X - +2 pair of gloves
MR       +++..                  (no boots)
Stlth    ++........             (no amulet)
HPRegen  0.25/turn              j - +6 ring of intelligence
MPRegen  0.28/turn              I - ring of fire

@: no status effects
A: no striking features
a: Renounce Religion


You were on level 3 of the Swamp.
You worshipped Vehumet.
Vehumet was extremely pleased with you.
You were near starving.

You visited 5 branches of the dungeon, and saw 27 of its levels.

You collected 5354 gold pieces.
You spent 120 gold pieces at shops.

Inventory:

Hand Weapons
 F - a +0 arbalest
 W - the +8 flail "Niuzxok" (weapon) {venom, MR++}
   (You found it on level 3 of the Lair of Beasts)

   It poisons the flesh of those it strikes.
   It affects your resistance to hostile enchantments.
Missiles
 a - 173 bolts
Armour
 h - +0 swamp dragon scales
 y - a +2 hat (worn)
 E - a cursed +0 cloak (worn)
 K - +0 acid dragon scales (worn)
 M - a +0 buckler (worn)
 X - a +2 pair of gloves (worn)
Jewellery
 c - an uncursed ring of see invisible
 j - a +6 ring of intelligence (left hand)
 l - an uncursed ring of protection from cold
 I - a ring of fire (right hand)
 P - an uncursed ring of protection from cold
Wands
 k - a wand of disintegration (15)
 q - a wand of acid (36)
 H - a wand of clouds (12)
Scrolls
 e - 2 scrolls of identify
 g - 7 scrolls of magic mapping {unknown}
 i - 7 scrolls of blinking {unknown}
 m - 8 scrolls of teleportation {unknown}
 n - 7 scrolls of amnesia {unknown}
 p - 8 scrolls of enchant armour {unknown}
 t - 4 scrolls of immolation {unknown}
 v - 5 scrolls of fear {unknown}
 w - 10 scrolls of remove curse {unknown}
 A - a scroll of summoning {unknown}
 B - 4 scrolls of enchant weapon {unknown}
 L - 3 scrolls of torment {unknown}
 N - 2 scrolls of fog {unknown}
 U - a scroll of brand weapon {unknown}
 Y - 2 scrolls of vulnerability {unknown}
Potions
 b - 4 potions of haste
 o - 9 potions of heal wounds
 r - a potion of cancellation {unknown}
 s - 8 potions of curing
 x - a potion of magic
Miscellaneous
 O - a phantom mirror
Comestibles
 d - 40 rations


   Skills:
 + Level 7.0 Fighting
 - Level 6.0 Armour
 - Level 3.1 Dodging
 - Level 3.1 Stealth
 - Level 4.0 Shields
 * Level 20.9 Spellcasting
 * Level 17.9 Conjurations
 - Level 1.1 Summonings
 - Level 1.1 Translocations
 + Level 12.9 Fire Magic
 - Level 1.0 Air Magic
 - Level 2.0 Earth Magic
 - Level 1.0 Poison Magic
 - Level 1.0 Evocations


You had 27 spell levels left.
You knew the following spells:

 Your Spells              Type           Power        Failure   Level  Hunger
a - Magic Dart            Conj           ####         0%          1    None
b - Mephitic Cloud        Conj/Pois/Air  ######..     1%          3    None
c - Call Imp              Summ           #####...     1%          2    None
d - Blink                 Tloc           N/A          1%          2    None
e - Conjure Flame         Conj/Fire      ########     0%          3    None
f - Fireball              Conj/Fire      ########..   1%          5    None
g - Foxfire               Conj/Fire      ####         0%          1    None
h - Iron Shot             Conj/Erth      #######...   1%          6    None
i - Starburst             Conj/Fire      ########..   1%          6    None

Your spell library contained the following spells:

 Spells                   Type           Power        Failure   Level  Hunger
 Conjure Ball Lightning   Conj/Air       #######...   1%          6    None
 Animate Skeleton         Necr           N/A          1%          1    None
 Pain                     Necr           ####         1%          1    None
 Inner Flame              Hex/Fire       #######.     1%          3    None
 Sticky Flame             Conj/Fire      ########     1%          4    None
 Bolt of Magma            Conj/Fire/Erth ########..   1%          5    None
 Slow                     Hex            #####...     2%          2    None
 Vampiric Draining        Necr           #####.....   4%          3    None
 Leda's Liquefaction      Hex/Erth       #####.....   10%         4    None
 Animate Dead             Necr           N/A          16%         4    None
 Agony                    Necr           #####...     41%         5    None
 Statue Form              Tmut/Erth      #####....    83%         6    None
 Shatter                  Erth           ######....   100%        9    #####..


Dungeon Overview and Level Annotations

Branches:
Dungeon (15/15)            Temple (1/1) D:4            Lair (6/6) D:8
  Swamp (3/4) Lair:4       Spider (0/4) Lair:3        Slime (0/5) Lair:6
    Orc (2/2) D:10            Elf (0/3) Orc:2        Vaults (0/5) D:14
 Depths (0/5) D:15

Altars:
Cheibriados
Dithmenos
Elyvilon
Fedhas
Gozag
Hepliaklqana
Kikubaaqudgha
Makhleb
Nemelex Xobeh
Okawaru
Qazlal
Sif Muna
Trog
Uskayaw
Vehumet
Wu Jian
Xom
Yredelemnul
Zin
The Shining One
Beogh

Shops:
D:11 [   Orc:2 (!}}}

Annotations:
Swamp:3 Bai Suzhen, Nikola


Message History

HP restored.
You climb downwards.
Level annotation: Bai Suzhen Nikola the Mad Inventor comes into view.
He is wielding a +3 rapier of electrocution.
Nikola mumbles some strange words.
You hear a mighty clap of thunder!
The lightning arc hits the tyrant leech!!
The lightning arc hits you!!!
The lightning arc hits the tyrant leech!!
The lightning arc hits you!!
* * * LOW HITPOINT WARNING * * *
You hear an angry buzzing noise.
You hear a croak.
There is a stone staircase leading up here.
Unknown command.
Nikola mumbles some strange words.
You hear a mighty clap of thunder!
The lightning arc hits the tyrant leech!!!
The tyrant leech dies!
The lightning arc hits you!!!
You die...

. .. ... ≈≈≈.
.≈≈≈≈
♣♣≈≈♣♣♣♣♣≈≈..≈≈
♣!....>@.≈≈.≈≈≈
..≈≈≈≈≈≈...≈≈≈≈
≈.≈≈≈≈≈≈≈≈≈≈≈.≈
≈≈$≈≈≈≈≈≈≈≈≈≈.≈
[≈(≈≈♣≈≈.≈≈≈≈≈.
≈≈.§≈≈≈≈≈≈≈≈≈≈.
@≈≈. ≈..≈≈≈≈≈≈≈
.♣♣≈≈≈..≈.≈≈≈..


You could see Nikola.

Vanquished Creatures
  Jorgrun (Swamp:2)
  Rupert (D:14)
  Kirke (Swamp:1)
  Roxanne (D:14)
  Aizul (Swamp:1)
  A yaktaur captain (D:15)
  A rakshasa (D:15)
  10 hydras
  Harold (Orc:1)
  4 centaur warriors
  3 catoblepae (Lair:6)
  An ogre mage (D:14)
  4 two-headed ogres
  9 death yaks
  6 alligators
  4 tengu warriors
  5 orc high priests (Orc:2)
  A deep elf knight (D:14)
  4 skeletal warriors (D:14)
  2 spriggan druids
  4 unseen horrors
  A lindwurm (Lair:4)
  3 swamp dragons
  A wizard (D:15)
  An orc sorcerer (Orc:1)
  16 deep elf magi
  10 orc knights
  11 ugly things
  3 cyclopes
  3 manticores
  4 oklob plants (Lair:2)
  Joseph (Lair:1)
  2 centaur zombies (D:14)
  3 black mambas
  13 spiny frogs
  4 gargoyles
  A torpor snail (Lair:1)
  A rime drake (shapeshifter) (D:14)
  6 komodo dragons
  A yaktaur (D:15)
  2 rime drakes
  A tengu conjurer (D:15)
  An efreet (D:12)
  A polar bear (Lair:4)
  9 trolls
  Prince Ribbit (Lair:1)
  3 hornets
  11 hippogriffs
  8 tyrant leeches
  9 slime creatures
  6 dream sheep
  25 blink frogs
  5 bog bodies
  2 shadows
  3 spriggans
  2 wyverns
  A wraith (D:15)
  63 yaks
  2 basilisks
  4 hungry ghosts
  18 vampire mosquitoes
  6 swamp worms
  3 wargs
  11 water moccasins
  6 porcupines
  A swamp drake (Swamp:1)
  2 sky beasts
  40 orc warriors
  An acid dragon (D:12)
  4 ice beasts
  A black bear (D:4)
  8 centaurs
  13 ogres
  3 phantoms
  4 boggarts (D:15)
  9 wolves
  An eye of draining (D:11)
  A necrophage (D:13)
  12 crocodiles
  4 big kobolds
  Blork the orc (D:5)
  13 bullfrogs
  A water moccasin zombie (D:7)
  A wyvern skeleton (D:14)
  3 scorpions
  12 killer bees
  2 troll zombies (D:10)
  4 howler monkeys
  17 wights
  An electric eel (Lair:4)
  5 crimson imps
  3 bullfrog zombies
  11 hounds
  2 quasits
  4 jellies
  13 orc wizards
  9 centaur skeletons
  A gnoll shaman (D:7)
  30 orc priests
  4 iguanas
  8 worker ants
  6 ogre zombies (D:10)
  A howler monkey zombie (D:6)
  A worker ant zombie (D:8)
  13 gnolls
  2 howler monkey skeletons
  10 adders
  5 shadow imps
  An adder zombie (D:8)
  4 adder skeletons
  4 worms
  A dart slug (D:3)
  6 leopard geckos
  70 orcs
  11 bats
  8 giant cockroaches
  6 goblins
  8 hobgoblins
  7 jackals
  6 quokkas
  4 frilled lizards
  3 goblin skeletons (D:10)
  3 goblin zombies (D:10)
  A hobgoblin zombie (D:10)
  15 kobolds
  A leopard gecko skeleton (D:4)
  4 orc skeletons (D:10)
  14 orc zombies (D:10)
  2 quokka skeletons
  5 rats
  A bush (Lair:3)
  A fungus (Lair:6)
  14 plants
840 creatures vanquished.

Vanquished Creatures (collateral kills)
  A jelly (D:7)
1 creature vanquished.

Vanquished Creatures (others)
  A tyrant leech (Swamp:3)
  2 yaks (D:12)
  2 killer bees (D:6)
  136 foxfires
  10 fungi
  23 plants
174 creatures vanquished.

Grand Total: 1015 creatures vanquished

Notes
Turn   | Place    | Note
-------+----------+-------------------------------------------
     0 | D:1      | pokeman the Deep Elf Wizard began the quest for the Orb.
     0 | D:1      | Reached XP level 1. HP: 10/10 MP: 7/7
   393 | D:1      | Reached XP level 2. HP: 15/15 MP: 6/9
   805 | D:2      | Reached skill level 5 in Spellcasting
   910 | D:2      | Reached XP level 3. HP: 20/20 MP: 4/11
   915 | D:2      | Learned a level 3 spell: Mephitic Cloud
   918 | D:2      | Learned a level 2 spell: Call Imp
   921 | D:2      | Learned a level 2 spell: Blink
   925 | D:2      | Learned a level 3 spell: Conjure Flame
  1386 | D:2      | Reached skill level 1 in Fighting
  1469 | D:2      | Reached skill level 1 in Armour
  1710 | D:2      | Found a burning altar of Makhleb.
  1712 | D:2      | Noticed a balrug
  2233 | D:3      | Reached XP level 4. HP: 25/25 MP: 10/13
  2707 | D:3      | Reached skill level 1 in Air Magic
  2707 | D:3      | Reached skill level 1 in Poison Magic
  2707 | D:3      | Reached XP level 5. HP: 14/29 MP: 11/15
  3324 | D:3      | Reached skill level 6 in Spellcasting
  3882 | D:4      | Reached skill level 1 in Fire Magic
  3882 | D:4      | Reached skill level 1 in Evocations
  4082 | D:4      | Reached XP level 6. HP: 7/34 MP: 4/17
  4636 | D:4      | Found a sparkling altar of Nemelex Xobeh.
  4828 | D:4      | Found a staircase to the Ecumenical Temple.
  4847 | Temple   | Entered the Ecumenical Temple
  4959 | Temple   | Became a worshipper of Vehumet
  5122 | D:4      | Found a transporter.
  5128 | D:4      | Found a transporter.
  5563 | D:4      | Reached skill level 7 in Spellcasting
  5564 | D:4      | Reached XP level 7. HP: 14/38 MP: 10/19
  5768 | D:5      | Entered Level 5 of the Dungeon
  6072 | D:5      | Reached skill level 5 in Conjurations
  6204 | D:5      | Noticed Blork the orc
  6558 | D:5      | Reached skill level 8 in Spellcasting
  6644 | D:5      | Killed Blork the orc
  6841 | D:5      | Found a bloodstained altar of Trog.
  6998 | D:6      | Reached XP level 8. HP: 23/43 MP: 16/22
  7463 | D:6      | Learned a level 1 spell: Foxfire
  7469 | D:6      | Learned a level 5 spell: Fireball
  7884 | D:6      | Reached skill level 9 in Spellcasting
  8165 | D:6      | Reached * piety under Vehumet
  8165 | D:6      | Offered knowledge of Shock by Vehumet.
  9195 | D:7      | You fall into a shaft and drop 3 floors!
  9195 | D:10     | Entered Level 10 of the Dungeon
  9446 | D:10     | Reached skill level 10 in Spellcasting
  9510 | D:9      | Reached XP level 9. HP: 48/48 MP: 21/25
 10212 | D:7      | Reached skill level 5 in Fire Magic
 10365 | D:7      | Reached ** piety under Vehumet
 10368 | D:7      | Noticed a gargoyle
 10369 | D:7      | Offered knowledge of Sandblast by Vehumet.
 10384 | D:7      | Killed a gargoyle
 10384 | D:7      | Reached skill level 11 in Spellcasting
 11567 | D:8      | Found a staircase to the Lair.
 11610 | D:8      | Reached XP level 10. HP: 54/54 MP: 4/27
 11927 | D:9      | Offered knowledge of Searing Ray by Vehumet.
 12265 | D:9      | Noticed a three-headed hydra
 12358 | D:9      | Killed a three-headed hydra
 12358 | D:9      | Reached skill level 12 in Spellcasting
 12546 | D:9      | Reached skill level 10 in Conjurations
 12649 | D:9      | Reached *** piety under Vehumet
 12701 | D:9      | Found a shimmering altar of Xom.
 12729 | D:9      | Noticed a two-headed ogre
 12732 | D:9      | Killed a two-headed ogre
 12732 | D:9      | Reached skill level 1 in Shields
 13658 | D:10     | Reached skill level 13 in Spellcasting
 13707 | D:10     | Offered knowledge of Iskenderun's Mystic Blast by Vehumet.
 13841 | D:10     | Reached **** piety under Vehumet
 13875 | D:10     | Reached XP level 11. HP: 44/60 MP: 3/30
 14042 | D:10     | Found a staircase to the Orcish Mines.
 14649 | D:11     | Offered knowledge of Fulminant Prism by Vehumet.
 14770 | D:11     | Found Bufratef's Armour Shop.
 15127 | Lair:1   | Entered Level 1 of the Lair of Beasts
 15129 | Lair:1   | Noticed Joseph
 15337 | Lair:1   | Killed Joseph
 15337 | Lair:1   | Reached skill level 14 in Spellcasting
 15657 | Lair:1   | Noticed Prince Ribbit
 15661 | Lair:1   | Killed Prince Ribbit
 16382 | Lair:2   | Reached XP level 12. HP: 64/64 MP: 16/32
 16527 | Lair:2   | Reached ***** piety under Vehumet
 16700 | Lair:2   | Reached skill level 15 in Spellcasting
 16948 | Lair:2   | Offered knowledge of Lightning Bolt by Vehumet.
 18471 | Lair:3   | Found a hole to the Spider Nest.
 18991 | Lair:3   | Got a transparent flail
 19156 | Temple   | Identified the +8 flail "Niuzxok" {venom, MR++} (You found
                  | it on level 3 of the Lair of Beasts)
 19695 | Lair:4   | Reached skill level 16 in Spellcasting
 19738 | Lair:4   | Found a staircase to the Swamp.
 20118 | Lair:4   | Reached XP level 13. HP: 70/70 MP: 24/35
 20420 | Lair:4   | You fall into a shaft and drop 2 floors!
 20420 | Lair:6   | Entered Level 6 of the Lair of Beasts
 20424 | Lair:6   | Offered knowledge of Yara's Violent Unravelling by Vehumet.
 21252 | Lair:5   | Reached skill level 10 in Fire Magic
 21927 | Lair:6   | Reached skill level 17 in Spellcasting
 22512 | Lair:6   | Found a staircase to the Slime Pits.
 23006 | Lair:6   | Reached skill level 5 in Armour
 23577 | Lair:6   | Reached skill level 15 in Conjurations
 23577 | Lair:6   | Reached XP level 14. HP: 76/76 MP: 24/37
 24235 | D:12     | Reached skill level 18 in Spellcasting
 24288 | D:11     | Learned a level 6 spell: Iron Shot
 24916 | D:12     | Reached skill level 1 in Earth Magic
 26945 | D:14     | Noticed Rupert
 26949 | D:14     | Killed Rupert
 27347 | D:14     | Noticed Roxanne
 27367 | D:14     | Offered knowledge of Iskenderun's Battlesphere by Vehumet.
 27605 | D:14     | Reached skill level 19 in Spellcasting
 27797 | D:14     | Reached skill level 5 in Fighting
 28081 | D:14     | Reached XP level 15. HP: 66/82 MP: 23/40
 28316 | D:14     | Found a gate to the Vaults.
 28613 | D:14     | Killed Roxanne
 28717 | D:15     | Entered Level 15 of the Dungeon
 30070 | D:15     | Found a staircase to the Depths.
 30438 | Orc:1    | Entered Level 1 of the Orcish Mines
 30438 | Orc:1    | Noticed Harold
 30444 | Orc:1    | Killed Harold
 30612 | Orc:1    | Found a radiant altar of Vehumet.
 31287 | Orc:2    | Entered Level 2 of the Orcish Mines
 31413 | Orc:2    | Reached ****** piety under Vehumet
 31416 | Orc:2    | Offered knowledge of Starburst by Vehumet.
 31424 | Orc:2    | Learned a level 6 spell: Starburst
 31506 | Orc:2    | Found Mustroc's Weapon Emporium.
 31515 | Orc:2    | Found a roughly hewn altar of Beogh.
 31950 | Orc:2    | Reached skill level 20 in Spellcasting
 32262 | Orc:2    | Found a staircase to the Elven Halls.
 33466 | Orc:2    | Found Culio's Gadget Shop.
 33469 | Orc:2    | Found Isoxaceo's Gadget Boutique.
 33470 | Orc:2    | Found Xiull's Distillery.
 33471 | Orc:2    | Found Huom Xul's Gadget Shop.
 33474 | Orc:2    | Bought a potion of magic for 120 gold pieces
 33475 | Orc:2    | Identified a scroll of acquirement
 33475 | Orc:2    | Acquired 2760 gold pieces
 34090 | Swamp:1  | Entered Level 1 of the Swamp
 34694 | Swamp:1  | Noticed Aizul
 34733 | Swamp:1  | Killed Aizul
 34733 | Swamp:1  | Reached XP level 16. HP: 46/90 MP: 22/42
 35282 | Swamp:1  | Noticed Kirke
 35285 | Swamp:1  | Killed Kirke
 35759 | Swamp:2  | Offered knowledge of Conjure Ball Lightning by Vehumet.
 36170 | Swamp:2  | Noticed Jorgrun
 36176 | Swamp:2  | Killed Jorgrun
 37174 | Swamp:3  | Noticed Bai Suzhen
 37627 | Swamp:3  | Noticed Nikola
 37628 | Swamp:3  | Killed from afar by Nikola

Illustrated notes

Levels and vault maps discovered:
D:1:      sevenhm_arrival_forest_fort_small_3, layout_rooms, minmay_hedge_maze
D:2:      layout_basic, first_ration, makhleb_altar_promises_db
D:3:      minmay_razor_zed, layout_loops_ring
D:4:      minmay_skewed_foursquare, layout_cave_pools,
          gammafunk_temple_overflow_arena,
          minmay_temple_entry_statues_fountains, serial_column_ruins,
          column_ruins_circle_medium, column_ruins_open_small,
          column_ruins_corridor_corner, column_ruins_grid_1,
          column_ruins_columns_straight, column_ruins_open_medium,
          column_ruins_grid_1, column_ruins_columns_straight
D:5:      layout_rooms, trog_book, uniq_blork_the_orc
D:6:      layout_basic
D:7:      minmay_inner_zag, layout_loops_cross
D:8:      layout_rooms, lair_entry_dummy
D:9:      layout_stronghold, basic_altar, hangedman_ranch
          [blue_anna_fruit_fields]
D:10:     layout_basic, zombieorc2_lemuel, st_stairs_2
D:11:     layout_roguey, serial_shops, shop_statue
D:12:     layout_basic, elves_outpost_lemuel
D:13:     layout_layer_cave
D:14:     layout_cave_pools, hangedman_vaults_entry_quadrant_bands,
          minivault_23, uniq_roxanne, uniq_rupert
D:15:     grunt_enter_depths_snipers, layout_irregular_city
Temple:   kilobyte_greek_temple
Lair:1:   layout_roguey, serial_bayou_shore_b, lemuel_fruit_fields, uniq_joseph,
          uniq_prince_ribbit2
Lair:2:   minmay_lair_oklob_tunnel, layout_concentric_octagons,
          infiniplex_staircase_pool
Lair:3:   layout_chaotic_city, nicolae_spider_entry_non_spiders,
          grunt_forest_small_clearings
Lair:4:   layout_concentric_octagons, swamp_mist_pool, serial_bayou_lagoon_a,
          lemuel_fruit_fields
Lair:5:   layout_concentric_octagons, serial_bayou_shore_a, grunt_megastairs_3
Lair:6:   evilmike_catoblepas_cave, layout_regular_city, slime_dummy
Swamp:1:  layout_basic_swamp, nicolae_swamp_little_tower, uniq_kirke, uniq_aizul
Swamp:2:  layout_basic_swamp, nicolae_swamp_feature_on_the_river_bank,
          uniq_jorgrun
Swamp:3:  gammafunk_mikee_crab_dinner, layout_basic_swamp, hangedman_swamp_cone,
          uniq_bai_suzhen, uniq_nikola
Orc:1:    nicolae_orc_accident_1, layout_diamond_mine, basic_altar, uniq_harold
Orc:2:    st_orc_pillars, layout_caves, basic_altar, serial_shops,
          nicolae_shop_statue_plus, mines2_lemuel

Skill      XL: |  1  2  3  4  5  6  7  8  9 10 11 12 13 14 15 16 |
---------------+-------------------------------------------------+-----
Spellcasting   | 5 6 7 8 10 11 13 14 16 17 19 20 | 20.9
Fighting       | 1 2 3 4 5 6 7 |  7.0
Conjurations   | 2 3 4 5 7 9 10 12 13 15 16 17 | 17.9
Armour         | 1 2 3 5 6 |  6.0
Air Magic      | 1 |  1.0
Poison Magic   | 1 |  1.0
Fire Magic     | 1 2 3 4 5 7 8 9 10 11 12 | 12.9
Evocations     | 1 |  1.0
Dodging        | 3 |  3.1
Stealth        | 3 |  3.1
Shields        | 2 3 4 |  4.0
Earth Magic    | 2 |  2.0
Summonings     | |  1.1
Translocations | |  1.1

Action                   |  1- 3 |  4- 6 |  7- 9 | 10-12 | 13-15 | 16-18 || total
-------------------------+-------+-------+-------+-------+-------+-------++-------
Melee: Mace              |     6 |    55 |   146 |   106 |       |       ||   313
       Flail             |       |       |       |       |    56 |       ||    56
 Cast: Magic Dart        |    96 |   139 |    86 |    15 |       |       ||   336
       Mephitic Cloud    |       |    10 |    38 |    16 |    14 |       ||    78
       Conjure Flame     |       |     3 |    19 |    16 |     4 |       ||    42
       Foxfire           |       |       |    47 |    24 |     5 |       ||    76
       Call Imp          |       |       |     9 |     1 |       |       ||    10
       Blink             |       |       |     3 |     4 |     2 |     4 ||    13
       Fireball          |       |       |    10 |   175 |   448 |    90 ||   723
       Iron Shot         |       |       |       |       |    35 |       ||    35
Evoke: Wand              |       |       |    13 |       |     3 |       ||    16
  Use: Scroll            |       |       |       |    10 |     8 |       ||    18
 Stab: Confused          |       |     9 |     9 |     2 |     1 |       ||    21
       Sleeping          |       |       |     2 |       |       |       ||     2
       Distracted        |       |       |       |     1 |     1 |       ||     2
  Eat: Chunk             |     4 |    10 |    16 |    19 |    37 |     4 ||    90
       Ration            |       |       |     1 |     2 |     2 |     1 ||     6
Armor: Leather armour    |     3 |    23 |    35 |    26 |       |       ||    87
       Troll leather arm |       |       |       |     7 |    39 |       ||    46
       Acid dragon scale |       |       |       |       |       |     4 ||     4
Dodge: Dodged            |     4 |    55 |   117 |    95 |    50 |    10 ||   331
Block: Buckler           |       |       |       |     8 |    25 |     1 ||    34
